 Dungeon Crawl Stone Soup version 0.30.1-11-g7821555f0a (webtiles) character file.

Game seed: 12702489513260093595

219 Okkudo the Cleaver (level 5, 0/46 HPs)
             Began as a Hill Orc Monk on Dec 1, 2023.
             Slain by Pikel
             ... wielding a +0 whip of freezing
              (1 damage)
             ... on level 4 of the Dungeon.
             The game lasted 00:11:12 (2089 turns).

Okkudo the Cleaver (Hill Orc Monk)                  Turns: 2089, Time: 00:11:13

Health: 0/46       AC: 10    Str: 16    XL:     5   Next: 96%
Magic:  5/5        EV:  5    Int: 10    God:
Gold:   84         SH:  0    Dex: 13    Spells: 4/4 levels left

rFire   + . .        a - +0 hand axe
rCold   x . .        d - orb {light}
rNeg    . . .        t - +0 plate armour
rPois   +            (no helmet)
rElec   .            (no cloak)
rCorr   .            (no gloves)
SInv    .            (no boots)
Will    .....        j - amulet of regeneration Stlth
                     m - ring of fire
HPRegen 1.07/turn    h - ring of poison resistance
MPRegen 0.09/turn

%: no passive effects
@: about to teleport, glowing
A: no striking features
a: no special abilities


You were on level 4 of the Dungeon.
You visited 1 branch of the dungeon, and saw 4 of its levels.

You collected 187 gold pieces.
You spent 103 gold pieces at shops.

Inventory:

Hand Weapons
 a - a +0 hand axe (weapon)
 w - a +0 trident
Armour
 d - an orb of light (worn)
 t - a +0 plate armour (worn)
Jewellery
 h - a ring of poison resistance (right hand)
 j - an amulet of regeneration (around neck)
 m - a ring of fire (left hand)
Wands
 u - a wand of digging (6)
Scrolls
 b - a scroll of noise
 g - a scroll of silence
 l - a scroll of brand weapon
 n - a scroll of enchant weapon
 o - a scroll of fog
 q - a scroll of teleportation
 s - a scroll of poison {unknown}
 v - a scroll of fear {unknown}
Potions
 c - a potion of ambrosia
 e - 4 potions of curing {unknown}
 f - a potion of haste {unknown}
 i - a potion of flight {unknown}
 k - a potion of might {unknown}
 p - a potion of mutation {unknown}
 r - a potion of brilliance {unknown}


   Skills:
 - Level 4.0 Fighting
 * Level 8.0 Axes
 - Level 2.7 Dodging


You had 4 spell levels left.
You didn't know any spells.
Your spell library contained the following spells:

 Spells                   Type           Power      Damage    Failure   Level
 Magic Dart               Conj           0%         1d3       100%        1
 Blink                    Tloc           0%         N/A       100%        2
 Call Imp                 Summ           0%         N/A       100%        2
 Lesser Beckoning         Tloc           0%         N/A       100%        2
 Momentum Strike          Conj/Tloc      0%         3d8       100%        2
 Mephitic Cloud           Conj/Pois/Air  0%         N/A       100%        3


Dungeon Overview and Level Annotations

Branches:
Dungeon (4/15)
 Temple: D:4-7

Altars:
Uskayaw
Wu Jian

Shops:
D:2 ?((:*   D:3 [

Annotations:
D:4 Pikel


Message History

You hit Pikel.
Pikel is lightly wounded.
You hit the lemure but do no damage. The lemure hits you.
Pikel barely misses you.
You barely miss Pikel.
Pikel is lightly wounded.
You hit the lemure. Pikel barely misses you.
The lemure hits you but does no damage.
You closely miss Pikel.
Pikel is lightly wounded.
You hit the lemure but do no damage. You hit Pikel but do no damage.
Pikel is lightly wounded.
You hit the lemure.
Pikel hits you with a +0 whip of freezing.
Pikel freezes you. The lemure hits you but does no damage.
You hit the lemure.
The lemure is almost dead.
You hit Pikel. Pikel hits you but does no damage. The lemure hits you.
You hit Pikel.
Pikel is lightly wounded.
You hit the lemure.
You kill the lemure!
That felt strangely unrewarding.
Pikel hits you with a +0 whip of freezing!
* * * LOW HITPOINT WARNING * * *
Pikel freezes you.
* * * LOW HITPOINT WARNING * * *
As you read the scroll of teleportation, it crumbles to dust.
You feel strangely unstable. Pikel hits you but does no damage.
Pikel hits you with a +0 whip of freezing.
* * * LOW HITPOINT WARNING * * *
Pikel freezes you.
* * * LOW HITPOINT WARNING * * *
There is an open door here.
Pikel attacks as you move away!
Pikel hits you with a +0 whip of freezing.
* * * LOW HITPOINT WARNING * * *
Pikel freezes you.
You die...

#.........#######.## #....
#####.##### #.# #...# #.# #.#
##.## #.# #+## #.# #.# #...##
#.# #.### ##.....## #.##
##.#.## ##.......# #..#
#####.†...####.........####...
..............@.........+......
########...####K....<...####...
#..## ##.).....# ##... #.##
##.....## ##.... #.# ....##
#..... #.# .#'## ##.... #.#
.#.# ##.#. #.# .# # ###. .. ##


You could see Pikel.

Vanquished Creatures
  4 lemures (D:4)
  A jelly (D:4)
  A hound (D:4)
  An orc wizard (D:3)
  4 adders
  3 gnolls (D:2)
  A worm (D:3)
  2 dart slugs (D:2)
  2 orcs (D:3)
  4 endoplasms
  2 giant cockroaches
  4 goblins
  8 hobgoblins
  4 quokkas
  3 ball pythons
  8 bats
  5 frilled lizards
  6 kobolds
  5 rats
68 creatures vanquished.

Notes
Turn   | Place    | Note
-------+----------+-------------------------------------------
     0 | D:1      | Okkudo the Hill Orc Monk began the quest for the Orb.
     0 | D:1      | Reached XP level 1. HP: 19/19 MP: 1/1
   234 | D:1      | Reached XP level 2. HP: 27/27 MP: 2/2
   528 | D:2      | Found a hide-covered altar of Uskayaw.
   566 | D:2      | Reached XP level 3. HP: 33/33 MP: 3/3
   578 | D:2      | Reached skill level 5 in Axes
   603 | D:2      | Found Feeptibb's Book Boutique.
   711 | D:2      | Found Haptoixt's General Store.
   714 | D:2      | Bought a scroll of enchant weapon for 75 gold pieces
   763 | D:2      | Reached XP level 4. HP: 37/40 MP: 4/4
   767 | D:2      | Reached skill level 6 in Axes
   907 | D:2      | Found Qizuwk's Weapon Boutique.
   961 | D:2      | Found Orgheawo's Antique Weapon Shoppe.
   980 | D:2      | Found Ashri's Magic Scroll Boutique.
   991 | D:2      | Bought a scroll of identify for 28 gold pieces
  1072 | D:3      | Found an ornate altar of the Wu Jian Council.
  1229 | D:3      | Found Ehiwuuho's Antique Armour Shop.
  1339 | D:3      | Reached skill level 7 in Axes
  1339 | D:3      | Reached XP level 5. HP: 46/46 MP: 5/5
  1938 | D:4      | Noticed a lemure
  1938 | D:4      | Noticed a lemure
  1938 | D:4      | Noticed a lemure
  1938 | D:4      | Noticed a lemure
  1939 | D:4      | Noticed Pikel
  1977 | D:4      | Killed a lemure
  2007 | D:4      | Reached skill level 8 in Axes
  2017 | D:4      | Killed a lemure
  2028 | D:4      | Killed a lemure
  2085 | D:4      | Killed a lemure
  2089 | D:4      | HP: 1/46 [Pikel/+0 whip of freezing (2)]
  2089 | D:4      | Slain by Pikel

Illustrated notes

Levels and vault maps discovered:
D:1:      amcnicky_arrival_choice, layout_rooms, feat_on_display
D:2:      layout_rooms, basic_altar, serial_shops, nicolae_shop_rolling_square,
          nicolae_shop_temple_entry_statues_fountains, shop,
          nicolae_shop_bloodbath_and_beyond, nicolae_shop_real_fake_doors,
          minmay_tetromino_o4
D:3:      layout_basic, mainiacjoe_overflow_24_doors, serial_shops,
          nicolae_shop_peninsula
D:4:      layout_loops_corners, nicolae_overflow_crystal_walls,
          minmay_temple_entry_statues_fountains, uniq_pikel

Skill      XL: |  1  2  3  4  5 |
---------------+----------------+-----
Fighting       | 4 |  4.0
Axes           | 5 7 8 |  8.0
Dodging        | |  2.7

Action                     |  1- 3 |  4- 6 || total
---------------------------+-------+-------++-------
  Melee: Hand axe          |    87 |   171 ||   258
    Use: Scroll            |       |     6 ||     6
         Potion            |       |     1 ||     1
 Armour: Robe              |     9 |       ||     9
         Ring mail         |    29 |     2 ||    31
         Chain mail        |       |    34 ||    34
         Plate armour      |       |    49 ||    49
  Dodge: Dodged            |    55 |    62 ||   117
